Map: Abyssal Reef LE

Players

eXile - Winner!

  • Race: Zerg Zerg
  • League: Gold
  • Spawn Location: 11:00

DRDEATH

  • Race: Terran Terran
  • League: Gold
  • Spawn Location: 5:00

VOD

Have the link to the VOD?

Description

Time

  • Played on: May 23, 2017, 7:13 p.m.
  • Length: 24:47
Show
View Real Time Build Order
Export as new Build Order

eXile Zerg - Winner!

Build Orders: Hatch First, Lurkers, Swarm Host 

Get SALT Encoding   

  12  0:02  Drone  
  13  0:13  Overlord  
  13  0:21  Drone  
  14  0:36  Drone  
  14  0:37  Drone x2  
  17  0:57  Hatchery  
  17  0:59  Drone  
  17  1:02  Extractor  
  17  1:03  Drone  
  17  1:18  Spawning Pool  
  17  1:20  Drone  
  17  1:25  Drone  
  18  1:32  Drone  
  19  1:41  Overlord  
  19  1:59  Drone  
  20  2:05  Metabolic Boost  
  20  2:06  Queen  
  22  2:09  Queen  
  22  2:14  Zergling x2  
  22  2:15  Zergling x2  
  26  2:21  Baneling Nest  
  25  2:27  Drone  
  26  2:31  Drone  
  26  2:32  Drone  
  28  2:44  Queen  
  28  2:46  Drone  
  31  2:52  Overlord  
  31  3:00  Zergling x6  
  34  3:06  Pneumatized Carapace  
  34  3:11  Drone x2  
  36  3:13  Drone  
  37  3:32  Drone x4  
  41  3:45  Hatchery  
  41  3:48  Drone x3  
  43  3:57  Lair  
  43  3:59  Drone x2, Extractor  
  44  4:03  Evolution Chamber  
  44  4:06  Evolution Chamber  
  42  4:14  Drone x2  
  44  4:33  Roach Warren  
  44  4:34  Zerg Missile Weapons Level 1  
  43  4:39  Drone  
  44  4:55  Overlord x3  
  44  5:08  Zergling x12  
  44  5:14  Overlord x2  
  50  5:15  Queen  
  50  5:20  Baneling x5  
  52  5:31  Zerg Ground Armor Level 1  
  52  5:37  Extractor  
  48  6:17  Hydralisk Den, Glial Reconstitution  
  49  6:18  Roach x2  
  49  6:19  Roach x3  
  49  6:23  Queen  
  59  6:28  Drone x4  
  59  6:29  Drone x6  
  69  6:38  Extractor  
  68  6:41  Drone x4  
  72  6:52  Muscular Augments  
  72  7:14  Hatchery  
  71  7:45  Hydralisk x3  
  71  7:46  Hydralisk x2  
  71  7:48  Overlord x5  
  81  7:55  Drone  
  81  7:57  Zerg Missile Weapons Level 2  
  81  7:58  Zerg Ground Armor Level 2  
  82  8:03  Overlord x3  
  82  8:08  Hydralisk x3  
  82  8:09  Roach x5  
  82  8:10  Roach  
  100  8:18  Overlord  
  100  8:19  Overlord x3  
  101  8:41  Drone x4  
  101  8:42  Drone x10  
  114  8:49  Lurker Den  
  114  8:50  Infestation Pit  
  113  9:26  Hatchery  
  112  9:38  Drone  
  112  9:39  Drone x8  
  112  9:40  Drone x4  
  112  9:42  Extractor x2  
  112  9:44  Hive  
  123  9:49  Hydralisk  
  123  9:50  Roach x2, Hydralisk x5  
  123  9:51  Roach x3, Zergling x6  
  148  9:54  Centrifical Hooks  
  148  10:03  Extractor  
  148  10:05  Extractor  
  146  10:29  Baneling  
  146  10:30  Baneling x17  
  146  10:39  Pathogen Glands  
  146  11:03  Zergling x14  
  146  11:04  Zergling x36  
  171  11:15  Ravager  
  172  11:21  Ravager x5  
  172  11:22  Ravager x4  
  172  11:23  Ravager  
  182  11:51  Overlord x5  
  157  12:19  Swarm Host x6  
  157  12:20  Swarm Host x7  
  199  12:49  Zerg Ground Armor Level 3, Zerg Missile Weapons Level 3  
  199  13:18  Spire x2  
  197  13:32  Burrow  
  165  14:19  Hydralisk x6  
  165  14:20  Hydralisk x2  
  165  14:21  Lurker  
  165  14:22  Lurker x6  
  190  14:31  Roach x3  
  190  14:32  Roach x3  
  200  14:39  Greater Spire  
  200  14:40  Zerg Flyer Weapons Level 1  
  200  15:34  Overlord x3  
  200  16:47  Zerg Flyer Weapons Level 2  
  200  16:48  Zerg Flyer Armor Level 1  
  195  17:34  Hydralisk x3  
  187  19:06  Corruptor x3  
  187  19:07  Corruptor x3  
  199  19:42  Ultralisk Cavern  
  181  20:34  Ultralisk  
  181  20:35  Ultralisk x2  
  187  21:03  Brood Lord x3  
  187  21:04  Brood Lord  
  192  21:12  Mutalisk x5  
  192  21:13  Mutalisk x3  
  190  21:34  Drone  
  167  22:35  Spire  
  167  23:05  Zergling x2  
  167  23:06  Zergling x44  
  167  23:07  Zergling x22  
  200  23:22  Hatchery  
  199  23:59  Spire, Extractor  
  199  24:00  Extractor  
Show
View Real Time Build Order
Export as new Build Order

DRDEATH Terran 

Build Orders: MMM Bio 

Get SALT Encoding   

  12  0:01  SCV  
  13  0:15  SCV  
  13  0:18  Supply Depot  
  14  0:27  SCV  
  15  0:40  SCV  
  16  0:42  Barracks  
  16  0:47  Refinery  
  16  0:52  SCV  
  17  1:04  SCV  
  18  1:16  SCV  
  19  1:29  Marine  
  19  1:30  Orbital Command  
  20  1:34  Supply Depot  
  20  1:49  Factory  
  20  1:52  Marine  
  21  1:56  Refinery, SCV  
  22  2:09  Marine  
  22  2:14  SCV, Engineering Bay  
  24  2:26  SCV  
  24  2:28  Barracks Reactor  
  25  2:34  Factory Reactor  
  25  2:38  SCV  
  26  2:45  Starport  
  26  2:50  SCV  
  27  2:59  Command Center  
  27  3:04  SCV  
  27  3:05  Marine x2  
  30  3:12  Supply Depot  
  30  3:22  Factory Tech Lab  
  30  3:23  SCV  
  31  3:35  SCV  
  31  3:38  Medivac  
  31  3:40  Medivac  
  36  3:47  SCV  
  37  3:48  Hi-Sec Auto Tracking  
  37  3:52  Supply Depot  
  37  3:53  Missile Turret  
  37  3:59  Hellion  
  39  4:09  Stimpack  
  39  4:11  Marine  
  39  4:16  Refinery, SCV  
  41  4:36  SCV  
  42  4:41  Missile Turret  
  42  4:43  Marine  
  42  4:44  Missile Turret  
  43  4:56  SCV  
  43  4:57  Planetary Fortress  
  44  5:23  Cyclone x2  
  44  5:24  Viking, Supply Depot  
  44  5:25  Marine  
  53  5:30  Barracks  
  53  5:33  SCV  
  53  5:35  Bunker  
  53  5:59  Widow Mine  
  53  6:00  Widow Mine  
  57  6:07  Missile Turret  
  57  6:09  Missile Turret  
  57  6:12  Marine  
  57  6:13  Combat Shields  
  57  6:17  Barracks  
  58  6:21  Missile Turret, SCV  
  59  6:27  Missile Turret  
  59  6:30  Marine  
  59  6:31  SCV  
  61  6:33  SCV  
  61  6:39  Cyclone  
  65  6:41  Barracks Tech Lab  
  65  6:48  Supply Depot  
  65  6:50  Viking  
  67  6:57  Terran Infantry Weapons Level 1  
  67  7:03  Armory  
  67  7:05  Marine  
  68  7:14  Missile Turret  
  70  7:22  Marauder  
  70  7:24  Marauder, Barracks Tech Lab  
  70  7:25  Concussive Shells  
  70  7:27  SCV  
  70  7:28  SCV  
  74  7:35  Refinery  
  74  7:36  Supply Depot  
  74  7:45  Missile Turret  
  74  7:55  Missile Turret, SCV  
  75  8:01  Missile Turret  
  75  8:02  SCV  
  76  8:06  Marauder x3  
  82  8:14  SCV  
  82  8:18  Viking  
  85  8:33  Terran Vehicle And Ship Armor Level 1  
  85  8:38  Barracks  
  85  8:40  Supply Depot  
  85  8:48  Engineering Bay  
  85  8:52  SCV  
  86  9:02  Marauder x2, SCV  
  91  9:12  Command Center  
  91  9:13  Terran Infantry Armor Level 1  
  91  9:16  Supply Depot  
  91  9:20  Marauder  
  93  9:27  Barracks Reactor  
  93  9:33  Supply Depot  
  93  9:37  Medivac x2  
  97  9:39  Terran Infantry Weapons Level 2  
  97  9:55  Marine x3  
  100  10:07  Missile Turret  
  100  10:09  SCV  
  100  10:11  Missile Turret  
  100  10:13  SCV  
  102  10:14  Marine  
  102  10:15  Marine x4  
  107  10:28  SCV x2  
  109  10:45  Refinery  
  109  10:46  Planetary Fortress  
  109  10:48  Marine x2  
  109  10:49  Marine, Marauder x2, Refinery  
  116  10:50  Terran Vehicle And Ship Armor Level 2  
  116  11:01  Supply Depot  
  118  11:06  Marine x2  
  118  11:09  Cyclone  
  124  11:11  Cyclone  
  124  11:22  SCV  
  124  11:25  Supply Depot  
  125  11:26  Supply Depot  
  125  11:28  Supply Depot  
  125  11:29  Supply Depot  
  125  11:34  Supply Depot  
  125  11:38  Marine  
  125  11:39  Marine, Marauder  
  129  11:41  SCV  
  130  11:47  Supply Depot  
  130  11:51  Terran Infantry Armor Level 2  
  130  12:18  Marine x3  
  130  12:19  Marine, Marauder  
  130  12:21  Terran Infantry Weapons Level 3  
  136  12:26  SCV  
  136  12:27  SCV  
  138  12:34  Missile Turret  
  138  12:51  SCV  
  138  12:52  Marine x2  
  138  12:53  Marauder x3  
  138  12:54  Command Center  
  147  13:00  Medivac x2  
  147  13:03  Cyclone x2  
  147  13:05  SCV  
  158  13:06  Terran Vehicle Weapons Level 1, SCV  
  158  13:09  SCV  
  158  13:12  Marine x2  
  162  13:19  Marine, SCV  
  163  13:20  Marine  
  163  13:24  SCV  
  163  13:25  SCV  
  59  14:20  Marine x5  
  64  14:26  Orbital Command  
  64  14:37  Barracks  
  64  14:39  Marauder x2, Barracks  
  68  14:47  Marine x2  
  68  14:48  Marine  
  71  14:54  Supply Depot  
  71  14:55  Command Center  
  71  14:59  Marine  
  71  15:06  Terran Vehicle And Ship Armor Level 3  
  72  15:09  Terran Infantry Armor Level 3  
  72  15:22  Marine x3  
  72  15:26  Barracks Tech Lab  
  75  15:55  Raven  
  77  16:00  Barracks Tech Lab  
  77  16:01  Marauder  
  79  16:04  Supply Depot  
  79  16:14  Marauder  
  79  16:15  Marine x3, Marauder  
  80  16:37  Marine x2  
  81  17:24  Siege Tank  
  75  17:50  Marine x3  
  75  17:51  Marine x2, Marauder  
  78  17:52  Marauder  
  64  18:46  Marine x5  
  64  18:47  Marine, Marauder  
  66  18:57  Siege Tank  
  69  19:04  Marine x2  
  71  19:10  SCV x3  
  52  20:07  Marine x3  
  55  20:22  Marine x3  
  55  20:27  Marine x3  
  60  20:47  Marine x5  
  60  20:48  Marauder, SCV  
  68  20:52  Orbital Command  
  68  21:49  Marine x4  
  68  21:50  Marauder  
  68  21:53  Refinery  
  74  21:55  Refinery  
  56  22:29  Medivac  
  56  22:32  High Capacity Fuel Tanks  
  56  22:51  Starport  
  56  22:59  Raven, Starport  
  56  23:03  SCV  
  56  23:05  Missile Turret  
  59  23:07  Missile Turret  
  59  23:09  Missile Turret  
  59  23:23  Marine  
  59  23:24  Marine, Marauder  
  59  23:26  Command Center  
  63  23:42  Starport Tech Lab x2  
  63  23:47  Raven  
  65  23:48  Thor  
  65  23:49  Marine x2  
  65  23:51  Marauder  
  75  23:55  SCV  
  75  23:56  SCV  
  77  24:05  Marine x2  
  77  24:06  Marine x2  
Tags
 
Add a new tag
Caveats
  • Supply blocks, unpowered buildings, or Contaminate may cause inaccurate times.
  • Supply counts are checked every 10 seconds.